AoeStats
← [GG] Shevchenko 7

Arabia

509804809Analyzed
3v3 RM · 5d ago on Sep 28, 2026· 56m 12s· 6 players
Game mode
Random Map
Map size
Normal (6 player)
Population
200
Speed
Normal
Resources
Standard
Victory
Conquest
Starting age
Dark Age
Ending age
Imperial Age
RankedLock teamsTeams togetherTeam positionsShared explorationLock speedFull tech treeHidden civsTurbo modeCheats
Victory
Defeat
🇧🇷 Portuguese · Brazil
973
+16
🇧🇷 Lithuanians · Brazil
969
+16
942
+17
🇨🇦 Vietnamese · Canada
1225
-26
🇨🇦 Armenians · Canada
961
-16
🇺🇸 Bohemians · United States
731
-7
[GG] Shevchenko 7
9:20 Loom
11:31 Feudal Age
17:01 Castle Age
18:59 Wheelbarrow
18:35 Double-Bit Axe
40:27 Imperial Age
44:52 Chemistry
44:37 Scale Barding Armor
44:43 Forging
45:28 Light Cavalry
46:18 Bloodlines
46:12 Husbandry
47:41 Cavalier
49:00 Iron Casting
55:41 Hand Cart
[GG] Raúl González Blanco
10:14 Feudal Age
19:45 Castle Age
17:32 Loom
20:44 Horse Collar
20:54 Double-Bit Axe
21:04 Town Watch
21:10 Town Watch
22:14 Kamandaran
26:05 Crossbowman
28:59 Heavy Plow
29:11 Bow Saw
30:28 Town Patrol
30:54 Arson
31:24 Bloodlines
31:14 Husbandry
32:57 Wheelbarrow
34:11 Thumb Ring
34:19 Fletching
34:40 Forging
35:00 Fervor
34:53 Bodkin Arrow
35:24 Scale Barding Armor
37:21 Hand Cart
41:01 Imperial Age
39:28 Chain Barding Armor
39:44 Iron Casting
42:14 Crop Rotation
42:46 Two-Man Saw
42:13 Cavalier
44:34 Chemistry
43:54 Ballistics
43:30 Murder Holes
44:40 Padded Archer Armor
45:15 Plate Barding Armor
47:14 Blast Furnace
46:29 Leather Archer Armor
48:09 Leather Archer Armor
49:14 Ring Archer Armor
48:45 Scale Mail Armor
55:03 Masonry
[GG] Trezeguet
9:13 Feudal Age
9:14 Loom
10:32 Horse Collar
10:40 Double-Bit Axe
15:10 Gold Mining
16:54 Bloodlines
22:49 Castle Age
22:17 Scale Mail Armor
22:20 Stone Mining
23:54 Wheelbarrow
27:55 Heavy Plow
29:13 Bow Saw
29:54 Forging
30:11 Husbandry
35:22 Imperial Age
37:59 Stone Shaft Mining
38:26 Pikeman
39:07 Squires
39:33 Scale Barding Armor
39:56 Chain Mail Armor
40:17 Iron Casting
39:20 Light Cavalry
46:45 Halberdier
48:03 Iron Casting
48:31 Hand Cart
Swivel_Hips
10:23 Loom
10:31 Loom
12:22 Feudal Age
17:13 Castle Age
15:40 Double-Bit Axe
18:20 Horse Collar
21:56 Fletching
23:49 Pikeman
30:02 Bow Saw
30:46 Murder Holes
31:11 Ballistics
30:51 Bodkin Arrow
33:44 Chemistry
33:47 Heavy Plow
33:55 Elite Skirmisher
34:43 Padded Archer Armor
36:26 Town Watch
37:01 Leather Archer Armor
40:11 Masonry
44:22 Imperial Age
42:34 Wheelbarrow
43:21 Town Patrol
43:30 Scale Mail Armor
45:36 Conscription
46:15 Bracer
46:46 Ring Archer Armor
47:41 Siege Engineers
48:07 Architecture
53:50 Halberdier
56:16 Chain Mail Armor
BuddyDudeMan
10:15 Feudal Age
9:06 Loom
14:45 Castle Age
13:15 Double-Bit Axe
13:51 Gold Mining
17:41 Horse Collar
19:14 Sanctity
19:52 Bow Saw
21:59 Squires
22:25 Sanctity
26:02 Fervor
28:06 Gold Shaft Mining
27:32 Scale Mail Armor
30:30 Forging
32:56 Ballistics
32:58 Chain Mail Armor
33:29 Arson
38:26 Iron Casting
38:04 Pikeman
48:20 Redemption
52:17 Fletching
AmpedUpAF
6:51 Loom
9:26 Feudal Age
9:30 Man-at-Arms
14:17 Double-Bit Axe
16:07 Fletching
17:32 Padded Archer Armor
22:46 Castle Age
21:02 Horse Collar
22:18 Gold Mining
22:53 Crossbowman
23:46 Bodkin Arrow
26:21 Thumb Ring
31:07 Bow Saw
31:46 Wheelbarrow
32:28 Leather Archer Armor
34:23 Scale Barding Armor
34:21 Heavy Plow
34:38 Town Watch
37:46 Imperial Age
36:15 Stone Mining
38:15 Ballistics
39:35 Chemistry
38:55 Bloodlines
38:58 Husbandry
40:10 Bracer
41:39 Chain Barding Armor
42:22 Murder Holes
43:51 Scale Mail Armor
43:14 Pikeman
44:28 Forging
45:51 Two-Man Saw
46:07 Plate Barding Armor
45:34 Arbalester
46:46 Ring Archer Armor
48:21 Chain Mail Armor
50:16 Plate Mail Armor
51:21 Squires
51:32 Elite Fire Lancer
52:59 Iron Casting
Connection lost

Rejoining the realm…

Still unreachable

The connection could not be restored.

Session expired

The server has moved on; the page needs a fresh start.